 Dungeon Crawl Stone Soup version 0.19.0-24-gb05acd6 (webtiles) character file.

646021 dracos369 the Phalangite (level 27, -12/263 HPs)
             Began as a Merfolk Chaos Knight on Nov 19, 2016.
             Splashed by an ancient lich's acid (13 damage)
             ... on level 5 of the Realm of Zot on Nov 20, 2016.
             The game lasted 11:05:17 (67542 turns).

dracos369 the Phalangite (Merfolk Chaos Knight)    Turns: 67542, Time: 11:05:19

Health: -12/263    AC: 37    Str: 22    XL:     27
Magic:  40/40      EV: 34    Int: 20    God:    Xom [*.....]
Gold:   1603       SH:  4    Dex: 22    Spells: 16 memorised, 3 levels left

rFire  + + .     SeeInvis +     a - +9 bardiche (vamp)
rCold  x . .     Gourm    .     b - +6 fire dragon scales
rNeg   . . .     Faith    .     (shield currently unavailable)
rPois  +         Spirit   .     V - +2 hat
rElec  +         Reflect  .     w - +5 cloak of the Lost Path {rElec rPois Int+4}
rCorr  .         Harm     .     p - +3 pair of gauntlets of War {Slay+5}
MR     +++..                    C - +2 pair of boots {Stlth+}
Stlth  +++++.....               i - amulet of Vitality {Regen+ HP+15}
                                Q - ring "Kophunt" {rPois EV+4 Dex+3 SInv, =R}
                                m - +5 ring of protection

@: agile, silence (expiring), very slightly contaminated, hasted and slowed,
drained
A: change form in water, swift swim, stealthy swim, large bone plates 1, thin
metallic scales 1, clever 1, deformed body, low mp 1, magic resistance 1,
regeneration 2, robust 1, screaming 1, wild magic 1, evolution 1, no device heal
1
a: Renounce Religion
}: 3/15 runes: decaying, serpentine, silver


You were on level 5 of the Realm of Zot.
You worshipped Xom.
You were a special plaything of Xom.
You were not hungry.

You visited 10 branches of the dungeon, and saw 49 of its levels.
You also visited: Labyrinth, Trove, Ice Cave and Wizlab.

You collected 7832 gold pieces.
You spent 6229 gold pieces at shops.

Inventory:

Hand Weapons
 a - a +9 vampiric bardiche (weapon)
Missiles
 n - 8 throwing nets (quivered)
Armour
 b - +6 fire dragon scales (worn)
 p - the +3 pair of gauntlets of War (worn) {Slay+5}
   (You bought it in a shop on level 10 of the Dungeon)

   It affects your accuracy and damage with ranged weapons and melee attacks
   (+5).
 w - the +5 cloak of the Lost Path (worn) {rElec rPois Int+4}
   (You found it on level 3 of the Depths)

   It affects your intelligence (+4).
   It insulates you from electricity.
   It protects you from poison.
 C - a +2 pair of boots of stealth (worn)
 V - a +2 hat (worn)
Jewellery
 i - the amulet of Vitality (around neck) {Regen+ HP+15}
   (You found it on level 5 of the Vaults)

   [amulet of regeneration]

   It affects your health (+15).
   It increases your rate of regeneration.
 m - a +5 ring of protection (left hand)
 s - an uncursed ring of protection from cold
 v - the ring "Ittunom" {Wiz Str+4}
   (Xom gifted it to you on level 6 of the Lair of Beasts)

   [ring of wizardry]

   It improves your spell success rate.
   It affects your strength (+4).
 Q - the ring "Kophunt" (right hand) {rPois EV+4 Dex+3 SInv, =R}
   (Xom gifted it to you on level 2 of the Swamp)

   [ring of evasion]

   It affects your evasion (+4).
   It affects your dexterity (+3).
   It protects you from poison.
   It lets you see invisible.
Wands
 c - a wand of acid (6/15)
 f - a wand of teleportation (1/9)
 g - a wand of iceblast (5/15)
 q - a wand of paralysis (5/24)
 r - a wand of digging (9/24)
 x - a wand of enslavement (3/24)
 K - a wand of hasting (4/9)
 T - a wand of heal wounds (2/9)
Scrolls
 k - 14 scrolls of remove curse
 u - 12 scrolls of teleportation
 z - 9 scrolls of recharging
 E - 3 scrolls of silence
 G - 8 scrolls of blinking
 L - 5 scrolls of magic mapping
 M - 6 scrolls of fog
 P - 6 scrolls of fear
Potions
 e - a potion of cancellation
 h - 20 potions of curing
 o - 5 potions of ambrosia
 t - 3 potions of magic
 A - 3 potions of resistance
 D - 2 potions of brilliance
 H - 3 potions of might
 S - 5 potions of agility
 Z - 2 potions of invisibility
Miscellaneous
 d - 2 sacks of spiders
 y - a lamp of fire
 N - a phial of floods (inert)
 Y - a phantom mirror
Comestibles
 O - 32 bread rations
 R - 22 fruits
 U - 21 meat rations


   Skills:
 + Level 20.7(19.3) Fighting
 - Level 26.0(24.5) Polearms
 - Level 2.0(1.1) Throwing
 + Level 11.2(10.1) Armour
 + Level 20.1(18.8) Dodging
 - Level 14.0(12.8) Stealth
 - Level 5.0(4.0) Unarmed Combat
 - Level 18.0(16.6) Spellcasting
 - Level 13.0(11.8) Hexes
 + Level 14.0(12.8) Charms
 + Level 13.7(12.5) Summonings
 - Level 9.0(7.9) Necromancy
 - Level 5.0(4.1) Translocations
 - Level 11.1(9.9) Transmutations
 - Level 7.0(5.9) Ice Magic
 - Level 5.0(4.0) Air Magic
 - Level 3.0(2.1) Earth Magic
 - Level 13.0(11.8) Evocations


You had 3 spell levels left.
You knew the following spells:

 Your Spells              Type           Power        Failure   Level  Hunger
a - Spectral Weapon       Hex/Chrm       ######..     1%          3    None
b - Song of Slaying       Chrm           ######..     1%          2    None
c - Summon Ice Beast      Ice/Summ       ######..     4%          4    None
d - Animate Dead          Necr           N/A          6%          4    None
e - Metabolic Englaciati  Hex/Ice        ######....   12%         5    ###....
f - Regeneration          Chrm/Necr      ######....   1%          3    None
g - Shroud of Golubria    Chrm/Tloc      ######....   1%          2    None
h - Shadow Creatures      Summ           N/A          14%         6    #####..
m - Summon Mana Viper     Hex/Summ       ######..     3%          5    ###....
r - Recall                Summ/Tloc      N/A          1%          3    None
u - Deflect Missiles      Chrm/Air       ######....   54%         6    #####..
w - Summon Forest         Summ/Tloc      ######....   17%         5    ###....
y - Yara's Violent Unrav  Hex/Tmut       ######....   4%          5    ###....
B - Blink                 Tloc           N/A          4%          2    None
P - Passwall              Tmut/Erth      ######....   2%          2    None
T - Swiftness             Chrm/Air       ######..     1%          2    None


Dungeon Overview and Level Annotations

Branches:
Dungeon (15/15)            Temple (1/1) D:5            Lair (6/6) D:10
  Swamp (4/4) Lair:3        Snake (4/4) Lair:2        Slime (0/5) Lair:5
    Orc (2/2) D:12            Elf (2/3) Orc:2        Vaults (5/5) D:13
  Crypt (0/3) Vaults:2     Depths (5/5) D:15            Zot (5/5) Depths:5

Altars:
Ashenzari
Cheibriados
Dithmenos
Elyvilon
Fedhas
Gozag
Hepliaklqana
Kikubaaqudgha
Makhleb
Nemelex Xobeh
Okawaru
Qazlal
Ru
Sif Muna
Trog
Uskayaw
Vehumet
Xom
Yredelemnul
Zin
The Shining One
Jiyva

Shops:
D:5 %(:[   D:10 [   Orc:2 *[((!   Elf:2 *   Snake:1 %[?%:   Vaults:1 **
Vaults:4 !   Depths:1 [   Depths:2 (   Depths:4 }   Depths:5 ==}

Portals:
Hell: Depths:1 Depths:2 Depths:3 Depths:4 Depths:5
Abyss: Depths:1 Depths:4 Depths:5
Pandemonium: Depths:3 Depths:5
Ziggurat: Depths:5

Annotations:
Lair:6 2 runed doors


Innate Abilities, Weirdness & Mutations

You revert to your normal form in water.
You are very nimble and swift while swimming.
You are very stealthy in the water. (Stealth+)
You are partially covered in large bone plates. (SH +4)
You are partially covered in thin metallic scales. (AC +2)
Your mind is acute. (Int +2)
Armour fits poorly on your strangely shaped body.
Your magical capacity is low. (-10% MP)
You are resistant to hostile enchantments. (MR+)
You heal very quickly.
You are robust. (+10% HP)
You occasionally shout uncontrollably at your foes.
Your spells are a little harder to cast, but a little more powerful.
You evolve.
Potions and wands are less effective at restoring your health.


Message History

You feel agile all of a sudden. The death cob completely misses you.
The ancient lich gestures at you while chanting.
The crystal spear hits you!
* * * LOW HITPOINT WARNING * * *
The ancient lich touches you but does no damage.
The death cob hits you but does no damage.
You block the electric golem's attack. The electric golem misses you.
The electric golem barely misses you.
The electric golem hits you but does no damage.
The white imp completely misses you. The white imp gestures at you.
The puff of frost misses you.
The white imp hits you but does no damage.
The ancient lich casts a spell at you. The bolt of acid hits you!
* * * LOW HITPOINT WARNING * * *
You are splashed with acid!
The acid burns!
You die...
Xom roars with laughter!

##.###......##......#..<......<..
##.# #......#.......#.........#..
##.###.....##...###.#.#..........
...........##...##....#'########.
......#####..............#.......
......#.........^...[.........###
...####.#.......5........#.##.#
...####.#......55L5......#.##.#
......).#.....55@z5#.....#?...#
........#...##.8L#.#.....######
........#...##..5#.#...⌠.#
...####.#...######.#.....########
...# #.#...# #................
#### #.##### #################
#.# #.# #.#


You could see an electric golem, 2 ancient liches, a death cob, 2 iron imps, a
quasit, 3 white imps and 2 ufetubi.

Vanquished Creatures
  2 orbs of fire
  An ancient lich (WizLab)
  Mara (Depths:1)
  Saint Roka (Vaults:3)
  3 Killer Klowns (Zot:3)
  4 curse toes
  Nikola (Swamp:1)
  17 golden dragons
  Jorgrun (Vaults:4)
  A hellephant (shapeshifter) (Vaults:5)
  An electric golem (Zot:3)
  4 Orb Guardians (Zot:5)
  20 tentacled monstrosities
  A deep elf blademaster (Elf:2)
  2 liches
  4 titans
  A quicksilver dragon (shapeshifter) (Vaults:1)
  7 quicksilver dragons
  12 death cobs
  5 tengu reavers
  5 sphinxes
  2 thorn hunters (Swamp:4)
  An ancient champion (WizLab)
  5 draconian monks
  15 storm dragons
  Agnes (Snake:2)
  Kirke (Snake:2)
  7 shadow dragons
  A daeva (Depths:4)
  4 nagarajas
  An azure jelly (Vaults:2)
  8 fire giants
  An azure jelly (shapeshifter) (Zot:3)
  9 frost giants
  17 vault wardens
  4 iron dragons
  4 draconian knights
  4 deep elf sorcerers
  A ghost moth (shapeshifter) (Zot:3)
  2 ghost moths
  A balrug (Zot:3)
  2 orc warlords
  6 draconian scorchers
  5 draconian zealots
  A ghoul (Swamp:1)
  An angel (Depths:5)
  15 ironheart preservers
  Louise (Swamp:1)
  An emperor scorpion (Depths:4)
  A draconian shifter (Zot:3)
  2 deep elf elementalists
  4 draconian annihilators
  An entropy weaver (Vaults:3)
  An entropy weaver (shapeshifter) (Zot:3)
  27 stone giants
  30 very ugly things
  An ophan (Depths:4)
  3 war gargoyles
  3 draconian callers
  5 deep elf demonologists
  11 green draconians
  4 deep elf annihilators
  9 yellow draconians
  A black draconian (shapeshifter) (Zot:3)
  8 black draconians
  4 vampire knights
  15 white draconians
  10 purple draconians
  7 spark wasps
  A lorocyproca (Zot:3)
  11 red draconians
  Azrael (Snake:2)
  The ghost of evildog the Fencer, a journeyman MiBe of Trog (D:12)
  5 mottled draconians
  4 deep elf death magi
  13 ettins
  A blizzard demon (Depths:5)
  24 yaktaur captains
  7 great orbs of eyes
  8 fire dragons
  A minotaur (Lab)
  3 jiangshi (Depths:1)
  Josephine (D:14)
  Erolcha (D:10)
  Harold (Lair:2)
  7 rakshasas
  Fannar (D:10)
  26 vault guards
  15 ice dragons
  An ice dragon (shapeshifter) (Vaults:5)
  6 spriggan air magi
  21 hydras
  20 naga warriors
  11 anacondas
  A ghost crab (shapeshifter) (Vaults:5)
  A ghost crab (Swamp:4)
  A catoblepas (Lair:4)
  7 centaur warriors
  22 ogre magi
  5 deep troll earth magi
  8 death yaks (Lair:5)
  2 death knights
  14 alligators
  13 naga sharpshooters
  5 orc high priests (Orc:2)
  2 vampire magi
  4 deep troll shamans
  11 tengu warriors
  19 dancing weapons
  Urug (D:11)
  2 spriggan berserkers
  6 shock serpents
  15 deep elf knights
  2 shadow wraiths
  A fire crab (Lair:4)
  5 iron trolls
  17 hell knights
  24 skeletal warriors
  An infernal demonspawn (Depths:5)
  A salamander mystic (Snake:3)
  A fire crab (shapeshifter) (Depths:1)
  A sea snake (shapeshifter) (Vaults:3)
  16 deep trolls
  3 unseen horrors
  6 flayed ghosts
  9 swamp dragons
  A golden dragon skeleton (Depths:3)
  4 glowing orange brains
  A shadow dragon zombie (Vaults:4)
  2 shambling mangroves
  6 naga ritualists
  2 spriggan druids
  15 orc knights
  11 necromancers
  4 wizards
  15 deep elf archers
  15 ironbrand convokers
  11 hill giants
  62 ugly things
  42 deep elf magi
  4 harpies (Vaults:3)
  A stone giant zombie (Depths:2)
  4 phantasmal warriors
  3 tengu zombies (Depths:1)
  6 mana vipers
  5 orc sorcerers
  2 fire giant zombies
  An orb spider (Zot:3)
  7 lindwurms
  2 manticores
  4 tengu skeletons
  3 wolf spiders
  13 elephants
  2 shadow dragon skeletons (Vaults:4)
  16 moths of wrath
  6 cyclopes
  A guardian serpent (shapeshifter) (Vaults:2)
  15 salamanders
  2 molten gargoyles (Lair:6)
  A spriggan zombie (Depths:2)
  A rust devil (Depths:4)
  2 black mambas (shapeshifter)
  A sphinx skeleton (Vaults:2)
  5 stone giant skeletons
  2 orange demons (Depths:5)
  24 naga magi
  43 black mambas
  16 vault sentinels
  12 guardian serpents
  2 ice statues (IceCv)
  2 water nymphs
  14 spiny frogs
  An elf skeleton (Depths:3)
  4 gargoyles
  A spiny frog (shapeshifter) (Vaults:3)
  5 freezing wraiths
  14 komodo dragons
  A kobold demonologist (D:13)
  4 rime drakes
  6 tengu conjurers
  An efreet (D:15)
  64 yaktaurs
  A yaktaur zombie (Vaults:4)
  4 human skeletons (Vaults:2)
  A jumping spider (Vaults:2)
  9 wind drakes
  A guardian mummy (Zot:3)
  3 meliai (D:13)
  A polar bear (Lair:5)
  8 hornets
  A queen bee (D:8)
  8 trolls
  2 harpy skeletons (D:15)
  Grinder (D:3)
  6 tyrant leeches
  A merfolk (D:13)
  34 two-headed ogres
  A stone giant simulacrum (Vaults:4)
  34 slime creatures
  12 bog bodies
  16 blink frogs
  5 raiju (Zot:3)
  8 hippogriffs
  2 human simulacra
  A frost giant simulacrum (Depths:3)
  A centaur simulacrum (D:14)
  A spriggan (Swamp:1)
  3 water elementals
  5 wraiths
  10 redbacks
  4 vampires
  28 air elementals
  5 shadows
  An ettin skeleton (Vaults:2)
  6 basilisks
  A human (shapeshifter) (Depths:3)
  A human (D:13)
  4 wyverns
  4 hogs (Snake:2)
  6 hungry ghosts
  40 yaks
  5 fire elementals
  3 hogs (shapeshifter)
  19 vampire mosquitoes
  2 steam dragons
  4 hill giant zombies
  5 mottled dragons
  A spatial vortex (Orc:2)
  2 human zombies
  43 nagas
  A soldier ant (shapeshifter) (Vaults:4)
  15 swamp worms
  34 insubstantial wisps
  10 wargs
  2 floating eyes
  9 hell hounds
  19 water moccasins
  8 ice beasts
  49 orc warriors
  7 porcupines
  11 swamp drakes
  3 eyes of draining
  A phantom (D:8)
  2 black bears
  5 necrophages
  9 boggarts
  7 sky beasts
  76 ogres
  13 crocodiles
  18 centaurs
  A bullfrog (shapeshifter) (Vaults:4)
  A big kobold (D:10)
  23 bullfrogs
  6 earth elementals
  An elf simulacrum (Vaults:1)
  A water moccasin zombie (D:7)
  A wyvern skeleton (D:13)
  7 scorpions
  34 killer bees
  12 troll zombies
  2 electric eels
  17 wights
  8 howler monkeys
  4 lava snakes (Lair:6)
  4 centaur zombies
  6 crimson imps
  2 bullfrog zombies
  5 centaur skeletons
  2 bullfrog skeletons
  7 hounds
  31 orc priests
  16 jellies
  A gnoll shaman (D:9)
  Jessica (D:6)
  A hell rat (Depths:2)
  5 iguanas
  31 orc wizards
  5 worker ants
  Natasha (twice) (D:3)
  10 ogre zombies
  A hound zombie (D:9)
  2 hound skeletons
  A howler monkey skeleton (D:4)
  A worker ant zombie (D:9)
  7 gnolls
  18 adders
  4 shadow imps
  3 oozes
  2 adder zombies (D:9)
  A worm (D:6)
  3 ball lightnings (Depths:1)
  5 dart slugs
  4 leopard geckos
  102 orcs
  4 ball pythons (Snake:2)
  3 giant cockroaches
  9 goblins
  5 hobgoblins (D:3)
  4 jackals (D:5)
  4 quokkas
  A frilled lizard (shapeshifter) (Vaults:5)
  5 frilled lizards
  A goblin zombie (D:12)
  3 hobgoblin skeletons (D:12)
  7 hobgoblin zombies (D:12)
  17 kobolds
  A leopard gecko skeleton (D:5)
  2 orc skeletons (D:12)
  12 orc zombies (D:12)
  A quokka zombie (D:6)
  9 rats
  A fungus (Lair:5)
  2 plants
2448 creatures vanquished.

Vanquished Creatures (collateral kills)
  An orb of fire (Zot:5)
  A juggernaut (Depths:3)
  3 tentacled monstrosities
  2 liches
  An Orb Guardian (Zot:5)
  2 quicksilver dragons (Zot:3)
  A sphinx (Vaults:5)
  2 tengu reavers (Vaults:5)
  A draconian monk (Zot:2)
  A storm dragon (Zot:3)
  3 nagarajas
  A frost giant (Depths:2)
  An iron dragon (Zot:3)
  2 fire giants
  A vault warden (Vaults:2)
  2 deep elf sorcerers
  Aizul (Swamp:1)
  2 ironheart preservers (Vaults:5)
  6 very ugly things
  A draconian annihilator (Zot:3)
  4 stone giants
  A war gargoyle (Vaults:5)
  A green draconian (Depths:5)
  2 deep elf annihilators
  A white draconian (Depths:5)
  A black draconian (Zot:1)
  A yellow draconian (shapeshifter) (Zot:3)
  3 spark wasps
  4 red draconians
  2 ettins
  A fire dragon (Vaults:5)
  2 great orbs of eyes (Depths:3)
  2 yaktaur captains
  2 ice dragons
  8 vault guards (Vaults:5)
  A rakshasa (Depths:3)
  2 naga warriors (Snake:4)
  An ogre mage (Vaults:5)
  An alligator (Swamp:2)
  A dancing weapon (Elf:2)
  A tengu warrior (Depths:2)
  A death knight (Zot:3)
  2 deep troll shamans
  3 deep troll earth magi
  A naga sharpshooter (Snake:4)
  A spriggan berserker (Depths:2)
  2 hell knights (Vaults:5)
  A deep elf knight (Elf:2)
  2 flayed ghosts
  5 deep trolls
  A phantasmal warrior (Vaults:5)
  A deep elf archer (Vaults:4)
  3 ironbrand convokers
  An orc knight (Vaults:3)
  2 ugly things
  A naga ritualist (Snake:4)
  A harpy (Vaults:3)
  An orb spider (Zot:3)
  A swamp dragon (Swamp:2)
  A frost giant zombie (Depths:1)
  A salamander (Snake:3)
  A cyclops (Vaults:1)
  A fire giant skeleton (Depths:2)
  2 black mambas
  2 moths of wrath
  2 vault sentinels
  3 guardian serpents (Zot:3)
  3 naga magi (Snake:4)
  A molten gargoyle (Lair:6)
  A spiny frog (Swamp:3)
  7 yaktaurs
  A red devil (Depths:5)
  A jumping spider (Lair:1)
  A spriggan skeleton (Depths:1)
  A tyrant leech (Lair:3)
  3 slime creatures
  7 two-headed ogres
  3 air elementals
  4 redbacks (Snake:4)
  2 yaks
  An elf skeleton (Vaults:4)
  7 nagas
  4 insubstantial wisps
  3 swamp worms
  An orc warrior (Vaults:3)
  7 ogres
  A boggart (Zot:3)
  A bullfrog (D:4)
  2 killer bees
  A lava snake (Lair:6)
  A hound (D:14)
  An orc priest (Vaults:4)
  A worker ant (D:4)
  A gnoll (D:6)
  2 shadow imps
  4 orcs
193 creatures vanquished.

Vanquished Creatures (others)
  A draconian shifter (Zot:2)
  2 draconian knights
  A stone giant (Vaults:5)
  A mottled draconian (Zot:2)
  An ettin (Depths:5)
  A rakshasa (Depths:2)
  A hydra (Swamp:1)
  A deep troll earth mage (Depths:2)
  8 dancing weapons
  A vampire mage (Depths:2)
  A spriggan (Swamp:3)
  2 deep elf knights
  An iron troll (Depths:4)
  A salamander mystic (Snake:4)
  A hell knight (Vaults:5)
  A deep troll (Depths:3)
  21 ball lightnings
  A necromancer (Vaults:5)
  A wolf spider (Vaults:4)
  A moth of wrath (Zot:5)
  A salamander (Lair:1)
  A naga mage (Snake:4)
  A spiny frog (shapeshifter) (Vaults:4)
  2 yaktaurs
  A hornet (Swamp:3)
  2 two-headed ogres
  A tyrant leech (Swamp:3)
  3 yaks
  A naga (Snake:4)
  A jelly (D:10)
  A briar patch (Swamp:4)
  2 butterflies
  9 fungi
  7 plants
  3 snaplasher vines
  15 spectral weapons
  11 toadstools (Lair:4)
111 creatures vanquished.

Grand Total: 2752 creatures vanquished

Notes
Turn   | Place    | Note
-------+----------+-------------------------------------------
     0 | D:1      | dracos369 the Merfolk Chaos Knight began the quest for the Orb.
     0 | D:1      | Reached XP level 1. HP: 18/18 MP: 1/1
   151 | D:1      | Reached skill level 5 in Polearms
   158 | D:1      | Reached XP level 2. HP: 9/24 MP: 2/2
   212 | D:1      | XOM: harmless Divn miscast
   441 | D:1      | XOM: harmless Pois miscast
   690 | D:1      | Reached XP level 3. HP: 29/29 MP: 3/3
   842 | D:2      | XOM: divination: detect creatures
   856 | D:2      | Reached skill level 6 in Polearms
  1076 | D:2      | XOM: 4-stop teleportation journey
  1250 | D:2      | Found a shattered altar of Ashenzari.
  1250 | D:2      | Found an ancient bone altar of Kikubaaqudgha.
  1467 | D:3      | Noticed Natasha
  1730 | D:3      | Killed Natasha
  1730 | D:3      | Reached skill level 7 in Polearms
  1730 | D:3      | Reached XP level 4. HP: 35/35 MP: 4/4
  1931 | D:3      | Reached skill level 8 in Polearms
  1931 | D:3      | Reached XP level 5. HP: 36/41 MP: 5/5
  1998 | D:3      | XOM: scenery: create altars
  2061 | D:3      | Noticed Natasha
  2065 | D:3      | XOM: 3-stop teleportation journey
  2073 | D:3      | XOM: 4-stop teleportation journey
  2096 | D:3      | Killed Natasha
  2189 | D:3      | Noticed Grinder
  2217 | D:3      | Killed Grinder
  2217 | D:3      | Reached skill level 10 in Polearms
  2217 | D:3      | Reached XP level 6. HP: 37/47 MP: 6/6
  2405 | D:3      | XOM: give mutations
  2405 | D:3      | Gained mutation: You have a pair of small antennae on your head. [Xom's grace]
  2405 | D:3      | Gained mutation: You have a somewhat thin skeletal structure. (Dex +2, Stealth) [Xom's grace]
  2709 | D:4      | XOM: stealth player
  2718 | D:4      | Found an opulent altar of Gozag.
  2788 | D:4      | Reached XP level 7. HP: 52/52 MP: 7/7
  2882 | D:4      | XOM: polymorph ogre -> bullfrog
  2884 | D:4      | XOM: summons 4 friendly demons
  2932 | D:4      | XOM: summons friendly crimson imp
  2960 | D:4      | XOM: stat loss: -1 Dex (15/16)
  3170 | D:4      | XOM: summons 1 hostile demon
  3451 | D:3      | Reached skill level 1 in Stealth
  3545 | D:4      | XOM: summons 3 hostile demons
  3724 | D:4      | XOM: harmless Tmut miscast
  3937 | D:4      | Reached skill level 11 in Polearms
  3937 | D:4      | Reached XP level 8. HP: 61/61 MP: 8/8
  3961 | D:4      | XOM: harmless Necr miscast
  3962 | D:4      | XOM: scenery: 1 doors close
  3964 | D:4      | XOM: harmless Air miscast
  4004 | D:4      | Reached skill level 5 in Dodging
  4012 | D:4      | XOM: summons 2 hostile shadow creatures
  4062 | D:4      | XOM: harmless Chrm miscast
  4096 | D:4      | XOM: give mutations
  4096 | D:4      | Gained mutation: You are resistant to electric shocks. (rElec) [Xom's mischief]
  4096 | D:4      | Gained mutation: You are weak. (Str -2) [Xom's mischief]
  4096 | D:4      | Gained mutation: Armour fits poorly on your strangely shaped body. [Xom's mischief]
  4096 | D:4      | Lost mutation: You are resistant to electric shocks. (rElec) [Xom's mischief]
  4145 | D:5      | Entered Level 5 of the Dungeon
  4145 | D:5      | Found a staircase to the Ecumenical Temple.
  4146 | D:5      | Reached skill level 5 in Fighting
  4450 | D:5      | Found Rukegewn's Antique Armour Boutique.
  4450 | D:5      | XOM: blink monster(s)
  4486 | D:5      | Found Aheuve's Book Shoppe.
  4561 | D:5      | Found Kaef's Antique Weapon Boutique.
  4832 | D:5      | XOM: mild Chrm miscast
  4881 | D:5      | Found Couheg's Food Boutique.
  4943 | D:5      | XOM: mild Conj miscast
  4988 | Temple   | Entered the Ecumenical Temple
  5037 | D:6      | Reached skill level 1 in Evocations
  5075 | D:6      | XOM: polymorph orc wizard -> centaur
  5082 | D:6      | Reached skill level 12 in Polearms
  5116 | D:6      | Found a sparkling altar of Nemelex Xobeh.
  5116 | D:6      | Noticed Jessica
  5119 | D:6      | Killed Jessica
  5139 | D:6      | Reached XP level 9. HP: 63/69 MP: 10/10
  5144 | D:6      | Gained mutation: You evolve. [mutagenic meat]
  5145 | D:6      | Gained mutation: You are robust. (+10% HP) [mutagenic meat]
  5174 | D:6      | Gained mutation: You possess an exceptional clarity of mind. [mutagenic meat]
  5285 | D:6      | XOM: summons friendly iron imp
  5291 | D:6      | XOM: 3-stop teleportation journey
  5299 | D:6      | XOM: noise
  5365 | D:6      | XOM: noise
  5505 | D:6      | Found a shimmering altar of Xom.
  5505 | D:6      | Found a glowing golden altar of the Shining One.
  5878 | D:7      | XOM: silly message
  6244 | D:7      | Reached skill level 13 in Polearms
  6254 | D:7      | XOM: enchant monster (bad)
  6489 | D:7      | XOM: mild Tmut miscast
  6549 | D:6      | XOM: summons 4 hostile demons
  6622 | D:6      | XOM: give mutations
  6622 | D:6      | Gained mutation: Your flesh is cold resistant. (rC+) [Xom's grace]
  6622 | D:6      | Gained mutation: Your spells are a little harder to cast, but a little more powerful. [Xom's grace]
  6622 | D:6      | Gained mutation: Your spells are harder to cast, but more powerful. [Xom's grace]
  6622 | D:6      | Gained mutation: You are resistant to hostile enchantments. (MR+) [Xom's grace]
  6685 | D:8      | Noticed a queen bee
  6713 | D:8      | XOM: confuse monster(s)
  6718 | D:7      | XOM: give mutations
  6718 | D:7      | Gained mutation: Your spells are much harder to cast, but much more powerful. [Xom's grace]
  6718 | D:7      | Gained mutation: You are resistant to electric shocks. (rElec) [Xom's grace]
  6718 | D:7      | Gained mutation: You are partially covered in thin metallic scales. (AC +2) [Xom's grace]
  6765 | D:7      | Lost mutation: You have a somewhat thin skeletal structure. (Dex +2, Stealth) [evolution]
  6833 | D:7      | XOM: god gift: encrusted agate ring {god gift}
  6870 | D:7      | XOM: cleaving
  7118 | D:7      | XOM: god gift: steaming golden ring {god gift}
  7119 | D:7      | Got a steaming golden ring {god gift}
  7120 | D:7      | Identified the ring "Gideeh" {rN+ Int-4 Dex+3 Stlth+} (Xom gifted it to you on level 7 of the Dungeon)
  7177 | D:7      | XOM: scenery: create altars
  7318 | D:8      | XOM: summons friendly chaos spawn
  7481 | D:7      | XOM: summons 9 friendly demons
  7530 | D:7      | Reached XP level 10. HP: 60/86 MP: 12/12
  7542 | D:7      | XOM: god gift: 29 arrows
  7786 | D:7      | XOM: god gift: 53 gold pieces
  7799 | D:7      | Reached skill level 14 in Polearms
  7961 | D:8      | XOM: 1-stop teleportation journey
  8007 | D:8      | XOM: god gift: 30 gold pieces
  8038 | D:8      | XOM: cast spell 'Dragon Form'
  8197 | D:8      | XOM: 2-stop teleportation journey
  8233 | D:8      | XOM: enchant monster (bad)
  8305 | D:8      | Reached skill level 1 in Unarmed Combat
  8539 | D:8      | Learned a level 2 spell: Repel Missiles
  8638 | D:8      | XOM: summons friendly iron imp
  8841 | D:9      | Found a radiant altar of Vehumet.
  8887 | D:9      | Reached skill level 1 in Charms
  8924 | D:9      | XOM: polymorph orc warrior -> killer bee
  9000 | D:9      | Reached skill level 5 in Stealth
  9283 | D:9      | Reached skill level 15 in Polearms
  9477 | D:9      | Reached skill level 1 in Armour
  9536 | D:9      | XOM: summons friendly white imp
  9540 | D:9      | XOM: summons friendly crimson imp
  9693 | D:9      | Noticed a gargoyle
  9698 | D:9      | XOM: cast spell 'Dragon Form'
  9700 | D:9      | Killed a gargoyle
  9700 | D:9      | Reached XP level 11. HP: 95/95 MP: 14/14
  9969 | D:8      | XOM: summons 11 friendly demons
 10054 | D:7      | XOM is BORED!
 10054 | D:7      | XOM: summons 3 hostile demons
 10159 | D:5      | Bought a book of Battle for 520 gold pieces
 10163 | D:5      | Learned a level 2 spell: Shroud of Golubria
 10167 | D:5      | Learned a level 3 spell: Regeneration
 10171 | D:5      | Learned a level 3 spell: Spectral Weapon
 10192 | D:5      | XOM: torment (49/95 hp)
 10391 | D:10     | Entered Level 10 of the Dungeon
 10391 | D:10     | Found Oheshaim's Armour Shop.
 10392 | D:10     | Noticed Erolcha
 10403 | D:10     | Killed Erolcha
 10403 | D:10     | Reached skill level 1 in Spellcasting
 10411 | D:10     | Learned a level 2 spell: Song of Slaying
 10520 | D:10     | XOM: give mutation
 10520 | D:10     | Lost mutation: You are robust. (+10% HP) [Xom's mischief]
 10590 | D:10     | Found a staircase to the Lair.
 10594 | D:10     | XOM: enchant monster (bad)
 10599 | D:10     | XOM: noise
 10606 | D:10     | Noticed a hill giant
 10616 | D:10     | Killed a hill giant
 10626 | Lair:1   | Entered Level 1 of the Lair of Beasts
 10797 | Lair:1   | XOM: cast spell 'Necromutation'
 10800 | D:10     | XOM: enchant monster (good)
 10809 | D:10     | Noticed a manticore
 10831 | D:10     | Killed a manticore
 10831 | D:10     | Reached skill level 1 in Hexes
 10977 | D:10     | Found a portal to a secret trove of treasure.
 11134 | D:10     | Noticed Fannar
 11138 | D:10     | XOM: cast spell 'Cause Fear'
 11166 | D:10     | Killed Fannar
 11166 | D:10     | Reached skill level 5 in Charms
 11454 | D:10     | XOM: harmless Tloc miscast
 11597 | D:10     | Killed an unseen horror
 11705 | D:10     | Noticed a hill giant
 11707 | D:10     | XOM: harmless Chrm miscast
 11715 | D:10     | Killed a hill giant
 11768 | Lair:1   | Learned a level 2 spell: Call Imp
 12075 | Lair:1   | XOM: potion effect (haste)
 12087 | Lair:1   | XOM: potion effect (heal wounds)
 12089 | Lair:1   | XOM: harmless Chrm miscast
 12095 | Lair:1   | Reached skill level 16 in Polearms
 12188 | Lair:1   | Reached XP level 12. HP: 82/95 MP: 17/17
 12193 | Lair:1   | XOM: medium Fire miscast
 12198 | Lair:1   | XOM: mild Fire miscast
 12205 | Lair:1   | XOM: polymorph yak -> jumping spider
 12206 | Lair:1   | XOM: summons 2 friendly demons
 12207 | Lair:1   | XOM: chaos cloud
 12220 | Lair:1   | Reached skill level 1 in Summonings
 12222 | Lair:1   | XOM: harmless Erth miscast
 12227 | Lair:1   | XOM: harmless Conj miscast
 12317 | Lair:1   | XOM: mild Fire miscast
 12513 | Lair:1   | Gained mutation: Your flesh is very cold resistant. (rC++) [evolution]
 12598 | Lair:1   | XOM: give mutation
 12598 | Lair:1   | Lost mutation: You are weak. (Str -2) [Xom's mischief]
 12990 | Lair:2   | XOM: stealth player
 13224 | Lair:1   | XOM: harmless Conj miscast
 13227 | Lair:1   | XOM: smoke on damage
 13369 | Lair:2   | Found a staircase to the Snake Pit.
 13373 | Lair:2   | XOM: silly message
 13390 | Lair:2   | XOM: potion effect (heal wounds)
 13391 | Lair:2   | Reached skill level 1 in Necromancy
 13396 | Lair:2   | XOM: cast spell 'Disjunction'
 13514 | Lair:2   | Noticed Harold
 13518 | Lair:2   | XOM: cleaving
 13527 | Lair:2   | Killed Harold
 13577 | Lair:2   | XOM: god gift: potion of lignification
 13592 | Lair:2   | XOM: summons 2 hostile demons
 13639 | Lair:2   | XOM: cast spell 'Hydra Form'
 13731 | Lair:2   | XOM: give mutation
 13731 | Lair:2   | Lost mutation: You are resistant to hostile enchantments. (MR+) [Xom's mischief]
 13800 | Lair:3   | Found a staircase to the Swamp.
 14177 | Lair:3   | XOM: cleaving
 14253 | Lair:3   | XOM: enchant monster (good)
 14308 | Lair:3   | XOM: mild Conj miscast
 14367 | Lair:3   | XOM: summons friendly white imp
 14565 | Lair:3   | XOM: summons 2 hostile shadow creatures
 15028 | Lair:4   | XOM: harmless Fire miscast
 15038 | Lair:4   | XOM: summons 3 friendly demons
 15042 | Lair:4   | XOM: destruction
 15049 | Lair:4   | XOM: 2-stop teleportation journey
 15064 | Lair:4   | Reached skill level 1 in Translocations
 15075 | Lair:4   | XOM: divination: detect creatures
 15157 | Lair:4   | XOM: enchant monster (good)
 15314 | Lair:4   | XOM: noise
 15317 | Lair:4   | XOM: harmless Tloc miscast
 15319 | Lair:4   | XOM: confuse monster(s)
 15332 | Lair:4   | Reached skill level 10 in Fighting
 15495 | Lair:4   | XOM: divination: detect creatures
 15507 | Lair:4   | XOM: cloud trail
 15661 | Lair:4   | Noticed a catoblepas
 15673 | Lair:4   | Killed a catoblepas
 15673 | Lair:4   | Reached XP level 13. HP: 86/103 MP: 19/19
 15937 | D:11     | Found a viscous altar of Jiyva.
 15954 | D:11     | Gained mutation: You are occasionally teleported next to monsters. [evolution]
 15964 | D:11     | Reached skill level 5 in Summonings
 16025 | D:11     | XOM: scenery: create altars
 16055 | D:11     | Learned a level 2 spell: Blink
 16065 | D:11     | Noticed Urug
 16077 | D:11     | XOM: cast spell 'Summon Ice Beast'
 16091 | D:11     | XOM: cast spell 'Confusing Touch'
 16094 | D:11     | Killed Urug
 16153 | D:11     | XOM: confuse monster(s)
 16464 | D:11     | XOM: potion effect (brilliance)
 16468 | D:11     | XOM: confuse monster(s)
 16473 | D:11     | XOM: cast spell 'Leda's Liquefaction'
 16557 | D:11     | XOM: mild Tloc miscast
 16706 | D:12     | Noticed evildog's ghost (journeyman MiBe)
 16711 | D:12     | XOM: repel stairs
 16714 | D:12     | XOM: harmless Erth miscast
 16910 | D:12     | Reached skill level 5 in Evocations
 16989 | D:12     | XOM: god gift: lamp of fire
 17018 | D:12     | XOM: summons 2 hostile shadow creatures
 17169 | D:12     | XOM: blink monster(s)
 17184 | D:12     | XOM: cast spell 'Alistair's Intoxication'
 17273 | D:12     | Found a staircase to the Orcish Mines.
 17384 | D:12     | XOM: destruction
 17398 | Orc:1    | Entered Level 1 of the Orcish Mines
 17409 | Orc:1    | Noticed an orc warlord
 17421 | D:12     | XOM: god gift: short smoking staff {god gift}
 17427 | D:12     | XOM: summons 4 friendly demons
 17437 | D:12     | XOM: swap monsters
 17452 | D:12     | Killed evildog's ghost
 17466 | D:12     | XOM: mild Tmut miscast
 17613 | D:12     | XOM: harmless Erth miscast
 17647 | Orc:1    | XOM: butterfly on damage
 17780 | D:12     | XOM: silly message
 17805 | D:12     | Lost mutation: Armour fits poorly on your strangely shaped body. [evolution]
 17857 | D:12     | XOM: noise
 17887 | Orc:1    | XOM: mild Summ miscast
 17978 | Orc:1    | Killed an orc warlord
 18089 | D:11     | XOM: summons 6 hostile demons
 18133 | D:10     | Bought the +3 pair of gauntlets of War {Slay+5} for 475 gold pieces
 18510 | Lair:4   | XOM: mild Tmut miscast
 18624 | Lair:4   | Found a runed door.
 18856 | Lair:4   | XOM: medium Tmut miscast
 19106 | Lair:4   | XOM: summons friendly iron imp
 19285 | Lair:4   | Identified the Grimoire of Boosting Weightlessness
 19397 | Lair:5   | XOM: mild Erth miscast
 19573 | Lair:5   | Reached skill level 5 in Hexes
 19591 | Lair:5   | Found a staircase to the Slime Pits.
 19632 | Lair:5   | Reached skill level 1 in Air Magic
 19764 | Lair:5   | XOM: divination: detect items
 19815 | Lair:5   | XOM: destruction
 19824 | Lair:5   | Reached XP level 14. HP: 64/113 MP: 8/20
 19832 | Lair:5   | XOM: chaos cloud
 19852 | Lair:5   | XOM: harmless Pois miscast
 20165 | Lair:5   | XOM: confuse monster(s)
 20168 | Lair:5   | XOM: noise
 20170 | Lair:5   | XOM: confuse monster(s)
 20172 | Lair:5   | XOM: summons friendly shadow imp
 20188 | Lair:5   | XOM: potion effect (heal wounds)
 20254 | Lair:5   | XOM: harmless Ice miscast
 20315 | Lair:5   | XOM: confuse monster(s)
 20316 | Lair:5   | XOM: divination: detect creatures
 20325 | Lair:5   | XOM: harmless Air miscast
 20332 | Lair:5   | XOM: potion effect (haste)
 20356 | Lair:5   | Found a glowing silver altar of Zin.
 20399 | Lair:5   | Learned a level 2 spell: Swiftness
 20446 | Lair:6   | Entered Level 6 of the Lair of Beasts
 20458 | Lair:6   | Found a frozen archway.
 20476 | IceCv    | Entered an ice cave
 20477 | IceCv    | XOM: harmless Necr miscast
 20491 | IceCv    | XOM: harmless Necr miscast
 20498 | IceCv    | XOM: summons 14 friendly demons
 20529 | IceCv    | XOM: confuse monster(s)
 20632 | Lair:6   | Found a labyrinth entrance.
 20656 | Lab      | Entered a labyrinth
 20954 | Lab      | XOM: potion effect (invisibility)
 20993 | Lab      | XOM: cast spell 'Alistair's Intoxication'
 21290 | Lab      | Identified Nivow's Handbook of the Feathery Blaze
 21290 | Lab      | Identified the Papyrus of Curses
 21291 | Lab      | Got a glittering bone ring
 21292 | Lab      | Identified the amulet of Viniw {Gourm Dex+2} (You found it in a labyrinth)
 21297 | Lab      | Identified the ring of Tohogi {Fire rElec Str+5} (You found it in a labyrinth)
 21308 | Lab      | Identified a +0 rod of clouds (4/14) (You took it off a minotaur in a labyrinth)
 21360 | Lair:6   | Reached skill level 5 in Spellcasting
 21374 | Lair:6   | XOM: cast spell 'Call Canine Familiar'
 21389 | Lair:6   | XOM: blink monster(s)
 21396 | Lair:6   | XOM: god gift: iron ring {god gift}
 21472 | Lair:6   | XOM: polymorph hell hound -> porcupine
 21475 | Lair:6   | XOM: fake destruction
 21624 | Lair:1   | Learned a level 2 spell: Passwall
 21816 | Lair:5   | XOM: polymorph elephant -> wind drake
 21828 | Lair:5   | Reached skill level 1 in Transmutations
 21901 | Lair:6   | XOM: potion effect (might)
 21922 | Lair:6   | XOM: noise
 22031 | Lair:6   | Gained mutation: You are resistant to hostile enchantments. (MR+) [evolution]
 22031 | Lair:6   | Lost mutation: You evolve. [end of evolution]
 22107 | Lair:6   | Found a large runed door.
 22134 | Lair:6   | XOM: divine lightning (protected)
 22177 | Lair:5   | XOM: divination: detect items
 22270 | Lair:6   | Reached skill level 10 in Charms
 22291 | Lair:6   | Got an ancient robe
 22389 | Lair:6   | XOM: cast spell 'Summon Butterflies'
 22398 | Lair:6   | XOM: god gift: wavering silver ring {god gift}
 22399 | Lair:6   | Got a wavering silver ring {god gift}
 22401 | Lair:6   | Reached XP level 15. HP: 108/122 MP: 23/23
 22422 | Lair:6   | Identified the ring "Ittunom" {Wiz Str+4} (Xom gifted it to you on level 6 of the Lair of Beasts)
 22780 | Lair:6   | XOM: summons friendly ufetubus
 22885 | Lair:6   | XOM: divination: detect items
 22948 | Lair:6   | Found a large runed door.
 22954 | Lair:6   | XOM: scenery: 2 doors open
 23011 | Lair:6   | Identified a +2 rod of clouds (11/11) (You found it on level 6 of the Lair of Beasts)
 23470 | Orc:1    | XOM: god gift: 2 potions of agility
 23498 | Orc:2    | Entered Level 2 of the Orcish Mines
 23508 | Orc:2    | Found a bloodstained altar of Trog.
 23508 | Orc:2    | Found Ceecloi's Distillery.
 23508 | Orc:2    | Found a staircase to the Elven Halls.
 23508 | Orc:2    | XOM: 7-stop teleportation journey
 23514 | Orc:2    | Bought a potion of brilliance for 52 gold pieces
 23526 | Orc:2    | Paralysed by an orc sorcerer for 3 turns
 23714 | Orc:2    | XOM: potion effect (invisibility)
 23751 | Orc:2    | XOM: cast spell 'Hydra Form'
 23816 | Orc:2    | Found Dukoyh's General Store.
 23816 | Orc:2    | Found Rymurun's Antique Weapon Boutique.
 23821 | Orc:2    | Found Bepicrum's Antique Weapon Boutique.
 23827 | Orc:2    | Found Poibuu's Antique Armour Shop.
 23828 | Orc:2    | XOM: 2-stop teleportation journey
 23847 | Orc:2    | XOM: harmless Conj miscast
 23950 | Orc:2    | Reached skill level 10 in Dodging
 24178 | Orc:2    | XOM: cast spell 'Spider Form'
 24425 | Orc:2    | XOM: polymorph orc knight -> cyclops
 24428 | Orc:2    | XOM: polymorph cyclops -> swamp dragon
 24437 | Orc:2    | XOM: divination: detect items
 24456 | Orc:2    | Noticed an orc warlord
 24456 | Orc:2    | XOM: potion effect (curing)
 24458 | Orc:2    | XOM: cleaving
 24461 | Orc:2    | XOM: enchant monster (bad)
 24494 | Orc:2    | XOM: give mutation
 24494 | Orc:2    | Gained mutation: Your system is resistant to poisons. (rPois) [Xom's grace]
 24506 | Orc:2    | Killed an orc warlord
 24589 | Orc:2    | XOM: give mutations
 24589 | Orc:2    | Gained mutation: Your flesh is almost immune to the effects of cold. (rC+++) [Xom's grace]
 24589 | Orc:2    | Gained mutation: You have very sharp teeth. [Xom's grace]
 24812 | D:10     | Bought a +4 scale mail of magic resistance for 310 gold pieces
 24947 | Swamp:1  | Entered Level 1 of the Swamp
 24983 | Swamp:1  | XOM: noise
 25045 | Swamp:1  | XOM: confuse monster(s)
 25046 | Swamp:1  | Noticed Nikola
 25050 | Swamp:1  | XOM: summons friendly iron imp
 25057 | Swamp:1  | XOM: confuse monster(s)
 25059 | Swamp:1  | XOM: summons friendly chaos spawn
 25073 | Swamp:1  | XOM: cast spell 'Conjure Ball Lightning'
 25090 | Swamp:1  | XOM: scenery: create altars
 25092 | Swamp:1  | XOM: confuse monster(s)
 25096 | Swamp:1  | Killed Nikola
 25145 | Swamp:1  | Reached skill level 5 in Unarmed Combat
 25254 | Swamp:1  | XOM: harmless Tmut miscast
 25279 | Swamp:1  | Noticed Aizul
 25283 | Swamp:1  | XOM: summons 13 friendly demons
 25289 | Swamp:1  | XOM: blink monster(s)
 25302 | Swamp:1  | Killed Aizul
 25302 | Swamp:1  | Reached skill level 5 in Armour
 25316 | Swamp:1  | Noticed Louise
 25322 | Swamp:1  | XOM: smoke on damage
 25326 | Swamp:1  | Killed Louise
 25342 | Swamp:1  | XOM: swap monsters
 25381 | Swamp:1  | Noticed a ghoul
 25391 | Swamp:1  | Killed a ghoul
 25479 | Swamp:1  | XOM: harmless Erth miscast
 25481 | Swamp:1  | XOM: blink monster(s)
 25499 | Swamp:1  | XOM: swap monsters
 25732 | Swamp:1  | Reached XP level 16. HP: 130/130 MP: 25/25
 25798 | Swamp:1  | XOM: god gift: wand of acid {god gift}
 25863 | Swamp:2  | XOM: cast spell 'Shadow Creatures'
 26064 | Swamp:2  | XOM: god gift: 47 gold pieces
 26103 | Swamp:2  | XOM: 7-stop teleportation journey
 26139 | Swamp:2  | XOM: god gift: bound copper ring {god gift}
 26140 | Swamp:2  | Got a bound copper ring {god gift}
 26142 | Swamp:2  | Identified the ring "Kophunt" {rPois EV+4 Dex+3 SInv} (Xom gifted it to you on level 2 of the Swamp)
 26198 | Swamp:2  | Reached XP level 17. HP: 136/136 MP: 26/26
 26279 | Swamp:2  | XOM: enchant monster (good)
 26541 | Swamp:1  | XOM: god gift: glowing mace {god gift}
 26767 | Lair:4   | XOM: scenery: create altars
 27112 | Swamp:3  | XOM: fog
 27202 | Swamp:3  | XOM: god gift: 31 gold pieces
 27314 | Swamp:3  | XOM: destruction
 27364 | Swamp:3  | XOM: divination: magic mapping
 27485 | Swamp:3  | XOM: destruction
 27693 | Swamp:3  | XOM: cast spell 'Death Channel'
 27829 | Swamp:3  | XOM: mild Summ miscast
 27846 | Swamp:3  | Got a smoking halberd
 27847 | Swamp:3  | Identified the cursed +0 halberd "Romee" {freeze, rF+ rC++} (You found it on level 3 of the Swamp)
 27970 | Swamp:3  | XOM: divination: detect items
 27980 | Swamp:4  | Entered Level 4 of the Swamp
 28126 | Swamp:4  | XOM: chaos cloud
 28163 | Swamp:4  | XOM: harmless Ice miscast
 28187 | Swamp:4  | XOM: potion effect (haste)
 28191 | Swamp:4  | XOM: destruction
 28203 | Swamp:4  | XOM: summons friendly ufetubus
 28312 | Swamp:4  | XOM: give mutations
 28312 | Swamp:4  | Gained mutation: You are robust. (+10% HP) [Xom's grace]
 28312 | Swamp:4  | Gained mutation: You are very robust. (+20% HP) [Xom's grace]
 28312 | Swamp:4  | Gained mutation: You are partially covered in large bone plates. (SH +4) [Xom's grace]
 28312 | Swamp:4  | Gained mutation: You have a pair of antennae on your head. [Xom's grace]
 28438 | Swamp:4  | Got a decaying rune of Zot
 28453 | Swamp:4  | XOM: cast spell 'Cause Fear'
 28458 | Swamp:4  | XOM: summons 2 friendly demons
 28574 | Swamp:4  | XOM: fog
 28590 | Swamp:4  | XOM: summons friendly ufetubus
 28604 | Swamp:4  | XOM: summons 16 friendly demons
 28619 | Swamp:4  | XOM: summons 2 friendly demons
 28809 | Swamp:4  | XOM: summons friendly shadow imp
 29237 | Lair:1   | Learned a level 5 spell: Yara's Violent Unravelling
 29291 | Lair:1   | XOM: scenery: create altars
 29334 | Snake:1  | Entered Level 1 of the Snake Pit
 29361 | Snake:1  | XOM: enchant monster (bad)
 29404 | Snake:1  | Found Efonui's Armour Shoppe.
 29486 | Snake:1  | Found Xosehich's Food Shoppe.
 29493 | Snake:1  | Reached skill level 15 in Fighting
 29510 | Snake:1  | XOM: cloud trail
 29523 | Snake:1  | Reached skill level 5 in Transmutations
 29558 | Snake:1  | Found Losaiz Dupn's Magic Scroll Shop.
 29562 | Snake:1  | Found Raficsai's Book Emporium.
 29712 | Snake:1  | Reached XP level 18. HP: 178/178 MP: 30/30
 29759 | Snake:1  | Found Detileun's Food Boutique.
 29801 | Snake:1  | XOM: give mutations
 29801 | Snake:1  | Gained mutation: Your mind is acute. (Int +2) [Xom's grace]
 29801 | Snake:1  | Gained mutation: You have supernaturally acute eyesight. (SInv) [Xom's grace]
 29801 | Snake:1  | Gained mutation: Your flesh is heat resistant. (rF+) [Xom's grace]
 29861 | Snake:1  | Learned a level 3 spell: Tukima's Dance
 29937 | Snake:2  | Noticed Kirke
 29954 | Snake:2  | Killed Kirke
 30037 | Snake:2  | Noticed Azrael
 30066 | Snake:2  | Killed Azrael
 30072 | Snake:2  | XOM: cast spell 'Conjure Ball Lightning'
 30093 | Snake:2  | XOM: noise
 30314 | Lair:2   | XOM: god gift: scroll of vulnerability
 30333 | Lair:2   | XOM: harmless Ice miscast
 30571 | D:5      | Bought the Incunabulum of Augmentations and Displacement for 1283 gold pieces
 30747 | D:10     | You paid a toll of the Incunabulum of Augmentations and Displacement to enter a treasure trove
 30748 | Trove    | Entered a treasure trove
 30766 | Trove    | Identified the Tome of Supportive Transformation
 30770 | Trove    | Identified the Catalogue of Shifting Weightlessness
 30794 | Trove    | Identified Sif Muna's Reference Book on Enchanting Necromancy
 30811 | Trove    | Identified Sif Muna's Tome of Companions
 30823 | Trove    | Identified Sif Muna's Handbook of Slavery
 30920 | Lair:1   | Learned a level 2 spell: Sticks to Snakes
 31085 | Snake:2  | XOM: divination: detect creatures
 31088 | Snake:2  | XOM: noise
 31090 | Snake:2  | XOM: medium Ice miscast
 31096 | Snake:2  | Reached skill level 5 in Translocations
 31193 | Snake:2  | Found a runed gate.
 31193 | Snake:2  | Found a runed gate.
 31193 | Snake:2  | Found a runed gate.
 31246 | Snake:2  | Noticed Agnes
 31246 | Snake:2  | XOM: silly message
 31252 | Snake:2  | Killed Agnes
 31291 | Snake:2  | XOM: divination: magic mapping
 31643 | Snake:2  | XOM: summons friendly crimson imp
 31650 | Snake:2  | XOM: polymorph crimson imp -> iron imp
 31659 | Snake:2  | XOM: blink monster(s)
 31663 | Snake:2  | XOM: noise
 31664 | Snake:2  | XOM: noise
 31698 | Snake:2  | Reached skill level 17 in Polearms
 31861 | Snake:1  | XOM: summons 3 hostile shadow creatures
 31875 | Snake:2  | XOM: stat loss: -1 Dex (18/19)
 31902 | Snake:2  | Reached skill level 5 in Necromancy
 31921 | Snake:2  | XOM: mild Summ miscast
 32053 | Snake:2  | XOM: give mutations
 32053 | Snake:2  | Lost mutation: Your system is resistant to poisons. (rPois) [Xom's mischief]
 32053 | Snake:2  | Lost mutation: Your spells are much harder to cast, but much more powerful. [Xom's mischief]
 32443 | Snake:3  | XOM: smoke on damage
 32463 | Snake:3  | XOM: chaos upgrade
 32636 | Snake:3  | XOM: harmless Summ miscast
 32734 | Snake:3  | XOM: noise
 33025 | Snake:3  | XOM: chaos cloud
 33045 | Snake:3  | XOM: polymorph black mamba -> hippogriff
 33380 | D:13     | XOM: 1-stop teleportation journey
 33392 | D:13     | XOM: noise
 33556 | D:13     | XOM: polymorph cyclops -> merfolk
 33748 | D:13     | XOM: enchant monster (bad)
 33765 | D:13     | XOM: stat loss: -1 Int (15/16)
 33835 | D:13     | Found a gate to the Vaults.
 33898 | D:13     | XOM: enchant monster (bad)
 33906 | D:13     | XOM: scenery: create altars
 34075 | D:13     | XOM: give mutations
 34075 | D:13     | Gained mutation: Your system is resistant to poisons. (rPois) [Xom's grace]
 34075 | D:13     | Gained mutation: You are agile. (Dex +2) [Xom's grace]
 34075 | D:13     | Gained mutation: Your movements are slightly less encumbered by armour. (ER -2) [Xom's grace]
 34075 | D:13     | Gained mutation: You evolve. [Xom's grace]
 34175 | D:14     | Reached XP level 19. HP: 186/186 MP: 31/31
 34349 | D:14     | XOM: 4-stop teleportation journey
 34409 | D:14     | Noticed Josephine
 34413 | D:14     | XOM: summons 6 friendly demons
 34427 | D:14     | Killed Josephine
 34533 | D:14     | XOM: polymorph hound -> adder
 34534 | D:14     | XOM: harmless Summ miscast
 34620 | D:14     | Reached skill level 18 in Polearms
 34711 | D:14     | Found Effiv's General Store.
 35286 | Snake:3  | XOM: potion effect (brilliance)
 35477 | Snake:1  | XOM: divination: magic mapping
 35490 | Snake:1  | Bought a scroll of brand weapon for 300 gold pieces
 35645 | D:11     | XOM: cloud trail
 35730 | D:15     | Entered Level 15 of the Dungeon
 35764 | D:15     | XOM: noise
 35843 | D:15     | Found a staircase to the Depths.
 35914 | D:15     | XOM: harmless Hex miscast
 36135 | D:15     | XOM: harmless Air miscast
 36200 | D:15     | XOM: noise
 36318 | D:15     | XOM: give mutations
 36318 | D:15     | Lost mutation: You have a pair of antennae on your head. [Xom's mischief]
 36318 | D:15     | Lost mutation: You are very robust. (+20% HP) [Xom's mischief]
 36318 | D:15     | Lost mutation: Your movements are slightly less encumbered by armour. (ER -2) [Xom's mischief]
 36500 | D:11     | Gained mutation: You have a somewhat thin skeletal structure. (Dex +2, Stealth) [evolution]
 36531 | D:10     | XOM: summons 1 hostile demon
 36553 | Lair:1   | Learned a level 4 spell: Animate Dead
 36687 | Orc:2    | XOM: give mutations
 36687 | Orc:2    | Lost mutation: Your spells are harder to cast, but more powerful. [Xom's mischief]
 36687 | Orc:2    | Lost mutation: You are resistant to electric shocks. (rElec) [Xom's mischief]
 36729 | Orc:2    | Bought a runed hat for 230 gold pieces
 36746 | Orc:2    | XOM: medium Summ miscast
 36794 | Orc:2    | Bought a potion of curing for 39 gold pieces
 36794 | Orc:2    | Bought a potion of curing for 39 gold pieces
 36794 | Orc:2    | Bought a potion of haste for 130 gold pieces
 36807 | Elf:1    | Entered Level 1 of the Elven Halls
 36846 | Elf:1    | XOM: polymorph deep elf archer -> water nymph
 36959 | Elf:1    | XOM: swap monsters
 36973 | Elf:1    | XOM: noise
 37100 | Elf:1    | Reached skill level 10 in Armour
 37351 | Elf:1    | XOM: blink monster(s)
 37357 | Elf:1    | XOM: noise
 37362 | Elf:1    | XOM: enchant monster (bad)
 37372 | Elf:1    | XOM: 1-stop teleportation journey
 37626 | Elf:1    | XOM: god gift: 42 gold pieces
 38001 | Elf:2    | Found a runed gate.
 38002 | Elf:2    | Found a runed gate.
 38006 | Elf:2    | Found a runed gate.
 38040 | Elf:2    | Found a magical portal.
 38050 | WizLab   | Entered Zonguldrok's Shrine
 38086 | WizLab   | XOM: give mutations
 38086 | WizLab   | Gained mutation: You have sharp fingernails. [Xom's grace]
 38086 | WizLab   | Gained mutation: You are very agile. (Dex +4) [Xom's grace]
 38217 | WizLab   | XOM: chaos upgrade
 38273 | WizLab   | XOM: divination: detect creatures
 38300 | WizLab   | XOM: summons 3 friendly demons
 38313 | WizLab   | XOM: fog
 38392 | WizLab   | Noticed an antique lich
 38401 | WizLab   | XOM: divine lightning
 38404 | WizLab   | Killed an antique lich
 38465 | WizLab   | Identified a scroll of acquirement
 38730 | Elf:2    | XOM: scenery: create altars
 38766 | Elf:2    | XOM: scenery: create altars
 38773 | Elf:2    | Reached XP level 20. HP: 178/178 MP: 33/33
 38773 | Elf:2    | XOM: potion effect (agility)
 38775 | Elf:2    | Reached skill level 10 in Spellcasting
 38790 | Elf:2    | Reached skill level 19 in Polearms
 38799 | Elf:2    | XOM: summons 2 friendly demons
 39039 | Elf:2    | XOM: confuse monster(s)
 39227 | Elf:2    | Got a transparent lajatang
 39364 | Elf:2    | Found Xadudy's Assorted Antiques.
 39459 | Elf:1    | XOM: medium Necr miscast
 39475 | Elf:1    | XOM: medium Summ miscast
 39622 | Lair:1   | Learned a level 5 spell: Summon Mana Viper
 39783 | Vaults:1 | Entered Level 1 of the Vaults
 39802 | Vaults:1 | Found Damo's Assorted Antiques.
 39838 | Vaults:1 | XOM: divination: detect creatures
 39850 | Vaults:1 | Reached skill level 20 in Polearms
 39936 | Vaults:1 | XOM: noise
 40077 | Vaults:1 | XOM: summons friendly iron imp
 40104 | Vaults:1 | XOM: swap monsters
 40177 | Vaults:1 | XOM: silly message
 40190 | Vaults:1 | XOM: polymorph vault warden -> shadow dragon
 40199 | Vaults:1 | Noticed a golden dragon
 40199 | Vaults:1 | a shadow dragon changed into a golden dragon
 40199 | Vaults:1 | XOM: polymorph shadow dragon -> golden dragon
 40203 | Vaults:1 | a golden dragon changed into a shadow dragon
 40207 | Vaults:1 | Noticed a caustic shrike
 40207 | Vaults:1 | a shadow dragon changed into a caustic shrike
 40208 | Vaults:1 | XOM: cleaving
 40210 | Vaults:1 | XOM: confuse monster(s)
 40459 | Vaults:1 | XOM: potion effect (brilliance)
 40667 | Vaults:1 | XOM: cleaving
 40677 | Vaults:1 | XOM: cleaving
 40765 | Vaults:1 | Reached skill level 21 in Polearms
 40781 | Vaults:1 | XOM: confuse monster(s)
 40817 | Vaults:1 | Found Nokibe's General Store.
 41090 | Vaults:2 | XOM: enchant monster (good)
 41121 | Vaults:2 | XOM: 1-stop teleportation journey
 41205 | Vaults:2 | XOM: give mutations
 41205 | Vaults:2 | Gained mutation: Your natural rate of healing is unusually fast. [Xom's grace]
 41205 | Vaults:2 | Gained mutation: Your muscles are strong. (Str +2) [Xom's grace]
 41205 | Vaults:2 | Gained mutation: You rapidly evolve. [Xom's grace]
 41267 | Vaults:2 | XOM: confuse monster(s)
 41285 | Vaults:2 | XOM: scenery: 1 doors close
 41298 | Vaults:2 | XOM: polymorph vault warden -> azure jelly
 41386 | Vaults:2 | Reached XP level 21. HP: 150/184 MP: 37/37
 41513 | Vaults:2 | XOM: polymorph entropy weaver -> tyrant leech
 41565 | Vaults:2 | Identified the +4 ring mail of Dishonesty {MR- Str+6 Dex+3} (You found it on level 2 of the Vaults)
 41630 | Vaults:2 | XOM: summons 10 friendly demons
 41644 | Vaults:2 | XOM: destruction
 41708 | Vaults:2 | XOM: fog
 41817 | Vaults:2 | XOM: confuse monster(s)
 41863 | Vaults:2 | XOM: silly message
 41907 | Vaults:2 | XOM: fog
 41922 | Vaults:2 | XOM: god gift: wand of lightning {god gift}
 41923 | Vaults:2 | XOM: 3-stop teleportation journey
 42006 | Vaults:2 | XOM: fog
 42103 | Vaults:2 | XOM: divine lightning
 42110 | Vaults:2 | XOM: enchant monster (good)
 42422 | Vaults:2 | XOM: cleaving
 42513 | Vaults:2 | Learned a level 3 spell: Recall
 42625 | Vaults:2 | XOM: potion effect (haste)
 42632 | Vaults:2 | XOM: summons friendly ufetubus
 42870 | Vaults:2 | Found a staircase to the Crypt.
 42873 | Vaults:2 | XOM: divine lightning
 42889 | Vaults:2 | Reached skill level 22 in Polearms
 43068 | D:12     | XOM: scenery: create altars
 43128 | Lair:1   | XOM: mild Chrm miscast
 43139 | Lair:1   | Learned a level 5 spell: Dispel Undead
 43151 | Lair:1   | Identified the +1 robe of the Peasants {MP-9 Dex+7} (You found it on level 6 of the Lair of Beasts)
 43316 | Snake:4  | Entered Level 4 of the Snake Pit
 43325 | Snake:4  | XOM: divination: detect items
 43334 | Snake:4  | XOM: noise
 43466 | Snake:4  | XOM: swap monsters
 43468 | Snake:4  | XOM: smoke on damage
 43648 | Snake:3  | XOM: enchant monster (good)
 43656 | Snake:3  | XOM: scenery: 2 doors close
 43903 | Snake:4  | XOM: cast spell 'Spider Form'
 43910 | Snake:4  | XOM: potion effect (agility)
 43996 | Snake:3  | XOM: god gift: 41 gold pieces
 44099 | Snake:4  | XOM: polymorph naga mage -> eye of draining
 44202 | Snake:4  | XOM: enchant monster (good)
 44213 | Snake:4  | XOM: cast spell 'Summon Mana Viper'
 44225 | Snake:4  | XOM: enchant monster (good)
 44229 | Snake:4  | XOM: potion effect (magic)
 44245 | Snake:4  | Reached skill level 10 in Evocations
 44249 | Snake:4  | XOM: potion effect (invisibility)
 44255 | Snake:4  | XOM: cast spell 'Call Canine Familiar'
 44297 | Snake:4  | XOM: 5-stop teleportation journey
 44344 | Snake:4  | Got a serpentine rune of Zot
 44365 | Snake:4  | Gained mutation: You are very robust. (+20% HP) [evolution]
 44445 | Snake:4  | XOM: noise
 44473 | Snake:4  | XOM: scenery: create altars
 44495 | Snake:4  | XOM: divine lightning
 44509 | Snake:4  | XOM: potion effect (brilliance)
 44513 | Snake:4  | Reached XP level 22. HP: 126/210 MP: 14/38
 44519 | Snake:4  | XOM: destruction
 44877 | Lair:1   | Upgraded the game from 0.19.0-22-gd96e5fe to 0.19.0-24-gb05acd6
 45070 | Vaults:3 | XOM: divination: detect creatures
 45234 | Vaults:3 | XOM: blink monster(s)
 45278 | Vaults:3 | XOM: mild Erth miscast
 45596 | Vaults:3 | XOM: confuse monster(s)
 45609 | Vaults:3 | XOM: potion effect (curing)
 45728 | Vaults:3 | Noticed Saint Roka
 45761 | Vaults:3 | XOM: cast spell 'Summon Butterflies'
 45769 | Vaults:3 | Killed Saint Roka
 46022 | Vaults:3 | XOM: cloud trail
 46159 | Vaults:3 | XOM: harmless Hex miscast
 46196 | Vaults:3 | Reached skill level 15 in Dodging
 46555 | Vaults:4 | XOM: cleaving
 46558 | Vaults:4 | XOM: cast spell 'Summon Ice Beast'
 46559 | Vaults:4 | Reached skill level 1 in Throwing
 46563 | Vaults:4 | Reached skill level 10 in Summonings
 46573 | Vaults:4 | Reached skill level 10 in Transmutations
 46795 | Vaults:4 | Found Wokkaykeu's Distillery.
 46819 | Vaults:4 | XOM: enchant monster (good)
 46905 | Vaults:4 | Noticed Jorgrun
 46913 | Vaults:4 | XOM: cleaving
 46922 | Vaults:4 | Killed Jorgrun
 46959 | Vaults:4 | XOM: harmless Pois miscast
 46972 | Vaults:4 | Reached skill level 10 in Hexes
 46973 | Vaults:4 | XOM: destruction
 46979 | Vaults:4 | XOM: enchant monster (good)
 47370 | Lair:1   | Learned a level 5 spell: Summon Forest
 47396 | D:10     | XOM: divination: magic mapping
 47543 | Depths:1 | Entered Level 1 of the Depths
 47544 | Depths:1 | Found a one-way gate to the infinite horrors of the Abyss.
 47558 | Depths:1 | XOM: harmless Conj miscast
 47861 | Depths:1 | XOM: mild Ice miscast
 47870 | Depths:1 | Noticed Mara
 47877 | Depths:1 | Noticed dracos369's illusion
 47880 | Depths:1 | Killed Mara
 47931 | Depths:1 | XOM: harmless Summ miscast
 48120 | Depths:1 | XOM: cleaving
 48172 | Depths:1 | Found Sixesk's Armour Shop.
 48339 | Depths:1 | XOM: scenery: 1 doors close
 48539 | Depths:1 | Found a gateway to Hell.
 48636 | Depths:1 | XOM: give mutations
 48636 | Depths:1 | Lost mutation: Your flesh is heat resistant. (rF+) [Xom's mischief]
 48636 | Depths:1 | Lost mutation: You rapidly evolve. [Xom's mischief]
 48636 | Depths:1 | Lost mutation: You are very agile. (Dex +4) [Xom's mischief]
 48791 | Depths:1 | Reached skill level 23 in Polearms
 48882 | Depths:1 | Reached XP level 23. HP: 213/217 MP: 39/39
 49052 | Depths:1 | XOM: noise
 49185 | Depths:2 | XOM: harmless Tmut miscast
 49221 | Depths:2 | XOM: harmless Conj miscast
 49232 | Depths:2 | XOM: fog
 49274 | Depths:2 | XOM: 3-stop teleportation journey
 49332 | Depths:2 | XOM: mild Necr miscast
 49334 | Depths:2 | XOM: enchant monster (bad)
 49642 | Depths:2 | XOM: 1-stop teleportation journey
 49648 | Depths:2 | Paralysed by a floating eye for 3 turns
 49666 | Depths:2 | XOM: enchant monster (bad)
 49821 | Depths:2 | XOM: confuse monster(s)
 49885 | Depths:2 | Reached skill level 24 in Polearms
 49974 | Depths:2 | XOM: enchant monster (good)
 49975 | Depths:2 | XOM: 2-stop teleportation journey
 50067 | Depths:2 | XOM: harmless Hex miscast
 50096 | Depths:2 | XOM: harmless Tloc miscast
 50320 | Depths:2 | Found Meel's Antique Weapon Emporium.
 50813 | Depths:2 | XOM: divination: detect items
 51097 | Depths:2 | XOM: summons 2 friendly demons
 51164 | Depths:2 | XOM: noise
 51215 | Depths:2 | Noticed a golden dragon
 51223 | Depths:2 | Killed a golden dragon
 51362 | Depths:2 | Reached skill level 25 in Polearms
 51584 | Lair:1   | XOM: divination: detect items
 51762 | D:15     | Gained mutation: You passively map a small area around you. [evolution]
 51780 | Depths:1 | XOM: give mutations
 51780 | Depths:1 | Lost mutation: You passively map a small area around you. [Xom's mischief]
 51780 | Depths:1 | Lost mutation: You have supernaturally acute eyesight. (SInv) [Xom's mischief]
 51934 | Depths:3 | XOM: harmless Tloc miscast
 51975 | Depths:3 | XOM: smoke on damage
 52010 | Depths:3 | XOM: mild Ice miscast
 52014 | Depths:3 | XOM: harmless Fire miscast
 52026 | Depths:3 | Found a one-way gate leading to the halls of Pandemonium.
 52059 | Depths:3 | Reached XP level 24. HP: 225/225 MP: 39/40
 52199 | Depths:3 | XOM: potion effect (might)
 52201 | Depths:3 | XOM: harmless Necr miscast
 52248 | Depths:3 | XOM: potion effect (brilliance)
 52257 | Depths:3 | XOM: potion effect (curing)
 52313 | Depths:3 | XOM: silly message
 52338 | Depths:3 | XOM: potion effect (invisibility)
 52339 | Depths:3 | XOM: potion effect (might)
 52345 | Depths:3 | Reached skill level 26 in Polearms
 52484 | Depths:3 | XOM: potion effect (might)
 52487 | Depths:3 | XOM: potion effect (brilliance)
 52492 | Depths:3 | XOM: potion effect (agility)
 52503 | Depths:3 | XOM: potion effect (brilliance)
 52544 | Depths:3 | XOM: potion effect (agility)
 52547 | Depths:3 | XOM: potion effect (might)
 52551 | Depths:3 | XOM: potion effect (magic)
 52552 | Depths:3 | XOM: potion effect (haste)
 52580 | Depths:3 | XOM: harmless Pois miscast
 52614 | Depths:3 | Identified the +5 cloak of the Lost Path {rElec rPois Int+4} (You found it on level 3 of the Depths)
 52858 | Depths:3 | XOM: harmless Tloc miscast
 53020 | Depths:4 | XOM: noise
 53065 | Depths:4 | XOM: blink monster(s)
 53076 | Depths:4 | XOM: polymorph ice dragon -> fire dragon
 53083 | Depths:4 | XOM: noise
 53091 | Depths:4 | Reached skill level 15 in Spellcasting
 53091 | Depths:4 | XOM: enchant monster (bad)
 53097 | Depths:4 | XOM: noise
 53103 | Depths:4 | XOM: torment (67/225 hp)
 53217 | Depths:4 | XOM: scenery: 4 doors open
 53252 | Depths:4 | XOM: cast spell 'Conjure Ball Lightning'
 53260 | Depths:4 | XOM: polymorph storm dragon -> emperor scorpion
 53282 | Depths:3 | Noticed a juggernaut
 53338 | Depths:3 | XOM: potion effect (haste)
 53355 | Depths:3 | Killed a juggernaut
 53471 | D:15     | XOM: give mutations
 53471 | D:15     | Gained mutation: Your mind is very acute. (Int +4) [Xom's grace]
 53471 | D:15     | Gained mutation: You are highly resistant to hostile enchantments. (MR++) [Xom's grace]
 53515 | D:13     | XOM: mild Necr miscast
 53704 | Snake:1  | Bought a manual of Fighting for 1435 gold pieces
 53836 | D:10     | XOM: give mutations
 53836 | D:10     | Lost mutation: Your flesh is almost immune to the effects of cold. (rC+++) [Xom's mischief]
 53836 | D:10     | Lost mutation: You possess an exceptional clarity of mind. [Xom's mischief]
 53836 | D:10     | Lost mutation: You are occasionally teleported next to monsters. [Xom's mischief]
 53970 | D:15     | XOM: give mutations
 53970 | D:15     | Gained mutation: You heal very quickly. [Xom's grace]
 53970 | D:15     | Gained mutation: You are extremely robust. (+30% HP) [Xom's grace]
 53978 | D:15     | XOM: scenery: create altars
 54230 | Depths:4 | Found Vineq's Gadget Emporium.
 54244 | Depths:4 | XOM: give mutations
 54244 | Depths:4 | Lost mutation: Your muscles are strong. (Str +2) [Xom's mischief]
 54244 | Depths:4 | Lost mutation: Your spells are a little harder to cast, but a little more powerful. [Xom's mischief]
 54244 | Depths:4 | Lost mutation: You are agile. (Dex +2) [Xom's mischief]
 54483 | Depths:4 | XOM: scenery: 2 doors open, 1 doors close
 54484 | Depths:4 | XOM: god gift: thin jewelled rod {god gift}
 54486 | Depths:4 | Identified a +2 rod of shadows (12/12) (Xom gifted it to you on level 4 of the Depths)
 54517 | Depths:4 | XOM: mild Tloc miscast
 54691 | Depths:4 | XOM: polymorph angel -> ophan
 54876 | Depths:4 | XOM: mild Divn miscast
 54891 | Depths:4 | Reached XP level 25. HP: 103/256 MP: 42/42
 55017 | Depths:4 | Reached skill level 10 in Stealth
 55089 | Depths:4 | XOM: destruction
 55215 | Depths:5 | Entered Level 5 of the Depths
 55230 | Depths:5 | Found a gateway to a ziggurat.
 55472 | Depths:5 | XOM: blink monster(s)
 55548 | Depths:5 | Found a gate to the Realm of Zot.
 55582 | Depths:5 | XOM: harmless Tmut miscast
 55604 | Depths:5 | XOM: scenery: 1 doors open, 1 doors close
 55690 | Depths:5 | Paralysed by a floating eye for 2 turns
 55721 | Depths:5 | XOM: cast spell 'Ring of Flames'
 55859 | Depths:5 | XOM: enchant monster (good)
 55912 | Depths:5 | XOM: divination: detect items
 56039 | Depths:5 | Found Zonlucko's Jewellery Boutique.
 56041 | Depths:5 | Found Worrokux's Gadget Shoppe.
 56042 | Depths:5 | Found Wybli's Jewellery Boutique.
 56092 | Depths:5 | XOM: enchant monster (good)
 56093 | Depths:5 | XOM: scenery: create altars
 56509 | Snake:1  | Bought a scroll of brand weapon for 300 gold pieces
 56559 | Lair:2   | XOM: cast spell 'Ice Form'
 56666 | Lair:1   | Learned a level 6 spell: Deflect Missiles
 56677 | Lair:1   | Learned a level 4 spell: Summon Ice Beast
 56683 | Lair:1   | Learned a level 5 spell: Metabolic Englaciation
 56719 | D:11     | XOM: noise
 56819 | D:13     | XOM: give mutations
 56819 | D:13     | Lost mutation: You have sharp fingernails. [Xom's mischief]
 56819 | D:13     | Lost mutation: Your mind is very acute. (Int +4) [Xom's mischief]
 56819 | D:13     | Lost mutation: You are extremely robust. (+30% HP) [Xom's mischief]
 56819 | D:13     | Lost mutation: You are very robust. (+20% HP) [Xom's mischief]
 56918 | Vaults:4 | XOM: draining
 56924 | Vaults:4 | XOM: harmless Tloc miscast
 56927 | Vaults:4 | Reached skill level 1 in Ice Magic
 56945 | Vaults:4 | XOM: harmless Ice miscast
 57086 | Vaults:4 | XOM: cast spell 'Cause Fear'
 57126 | Vaults:4 | XOM: god gift: 51 gold pieces
 57268 | Vaults:4 | XOM: polymorph necromancer -> water nymph
 57405 | Vaults:4 | XOM: cloud trail
 57522 | Vaults:4 | XOM: cloud trail
 57621 | Vaults:4 | XOM: god gift: 7 steel javelins
 57780 | Vaults:5 | Entered Level 5 of the Vaults
 57800 | Vaults:5 | XOM: polymorph titan -> hellephant
 57800 | Vaults:5 | Noticed a shard shrike
 57800 | Vaults:5 | a hellephant changed into a shard shrike
 57803 | Vaults:5 | a shard shrike changed into a hellephant
 57806 | Vaults:5 | XOM: scenery: create altars
 57831 | Vaults:5 | XOM: fog
 57834 | Vaults:5 | XOM: divine lightning
 57838 | Vaults:5 | XOM: cast spell 'Death Channel'
 57876 | Vaults:5 | Identified the +6 plate armour of Inviolability {+Inv Int-5 Dex+2} (You found it on level 5 of the Vaults)
 57878 | Vaults:5 | Identified the cursed +0 dagger of Demand {freeze, rElec rPois} (You found it on level 5 of the Vaults)
 58032 | Vaults:5 | Reached XP level 26. HP: 237/237 MP: 33/43
 58048 | Vaults:5 | XOM: fog
 58057 | Vaults:5 | Reached skill level 5 in Air Magic
 58091 | Vaults:5 | XOM: mild Pois miscast
 58309 | Vaults:5 | XOM: cast spell 'Conjure Ball Lightning'
 58323 | Vaults:5 | XOM: summons 2 friendly demons
 58327 | Vaults:5 | XOM: fog
 58328 | Vaults:5 | XOM: enchant monster (bad)
 58343 | Vaults:5 | XOM: confusion (+ monsters)
 58517 | Vaults:5 | XOM: harmless Chrm miscast
 58667 | Vaults:5 | XOM: stat loss: -1 Dex (20/21)
 58684 | Vaults:5 | Identified the +1 leather armour of Duty {rC+ rCorr} (You found it on level 5 of the Vaults)
 58734 | Vaults:5 | XOM: noise
 58865 | Vaults:5 | Identified the +5 robe of Resilience {+Blink Int-5 SInv} (You took it off a yaktaur on level 5 of the Vaults)
 58872 | Vaults:5 | Identified the Volume of Self-Improvement and Companions
 59087 | Vaults:5 | XOM: mild Fire miscast
 59088 | Vaults:5 | XOM: harmless Hex miscast
 59153 | Vaults:5 | XOM: summons 12 hostile demons
 59155 | Vaults:5 | XOM: stat loss: -1 Int (19/20)
 59155 | Vaults:5 | XOM: smoke on damage
 59338 | Vaults:5 | XOM: summons 15 friendly demons
 59370 | Vaults:5 | Identified the Papyrus of the Quantum Birds
 59374 | Vaults:5 | Got a spiked helmet
 59475 | Vaults:5 | XOM: scenery: create altars
 59506 | Vaults:5 | XOM: give mutations
 59506 | Vaults:5 | Gained mutation: Your spells are a little harder to cast, but a little more powerful. [Xom's grace]
 59506 | Vaults:5 | Gained mutation: You are very robust. (+20% HP) [Xom's grace]
 59577 | Vaults:5 | Got a silver rune of Zot
 59582 | Vaults:5 | Identified the Compendium of Floating Talismans
 59701 | Vaults:5 | XOM: scenery: create altars
 59813 | Vaults:1 | Bought a scroll of enchant armour for 285 gold pieces
 60036 | D:11     | XOM: noise
 60214 | Depths:4 | Bought a box of beasts for 380 gold pieces
 60280 | Depths:5 | Bought a sack of spiders for 220 gold pieces
 60289 | Depths:5 | Bought a wand of teleportation (3/9) for 231 gold pieces
 60342 | Zot:1    | Entered Level 1 of the Realm of Zot
 60348 | Zot:1    | XOM: confusion
 60350 | Zot:1    | XOM: confusion
 60351 | Zot:1    | XOM: mild Divn miscast
 60364 | Zot:1    | XOM: enchant monster (bad)
 60367 | Zot:1    | XOM: confusion
 60374 | Zot:1    | XOM: blink monster(s)
 60377 | Zot:1    | XOM: polymorph red draconian -> wolf spider
 60378 | Zot:1    | Reached skill level 5 in Ice Magic
 60464 | Zot:1    | XOM: give mutations
 60464 | Zot:1    | Lost mutation: You are very robust. (+20% HP) [Xom's mischief]
 60464 | Zot:1    | Lost mutation: Your mind is acute. (Int +2) [Xom's mischief]
 60464 | Zot:1    | Lost mutation: Your flesh is very cold resistant. (rC++) [Xom's mischief]
 60464 | Zot:1    | Lost mutation: Your flesh is cold resistant. (rC+) [Xom's mischief]
 60469 | Zot:1    | XOM: confuse monster(s)
 60627 | Zot:1    | XOM: enchant monster (bad)
 60635 | Zot:1    | XOM: enchant monster (bad)
 60717 | Zot:1    | XOM: enchant monster (good)
 60731 | Zot:1    | Reached XP level 27. HP: 246/246 MP: 44/44
 61440 | Lair:1   | Learned a level 6 spell: Shadow Creatures
 62044 | Zot:2    | XOM: 2-stop teleportation journey
 62061 | Zot:2    | XOM: blink monster(s)
 62066 | Zot:2    | XOM: harmless Ice miscast
 62072 | Zot:2    | XOM: draining
 62105 | Zot:2    | XOM: harmless Fire miscast
 62211 | Zot:2    | XOM: mild Hex miscast
 62285 | Zot:2    | XOM: scenery: create altars
 62289 | Zot:2    | XOM: mild Tmut miscast
 62300 | Zot:2    | XOM: chaos upgrade
 62320 | Zot:2    | XOM: cleaving
 62365 | Zot:2    | Reached skill level 1 in Earth Magic
 62412 | Zot:2    | XOM: god gift: 34 gold pieces
 62455 | Zot:2    | XOM: enchant monster (good)
 62456 | Zot:2    | XOM: harmless Fire miscast
 62539 | Zot:2    | Identified the Reference Book on Creation and Feathers
 62722 | Zot:2    | XOM: enchant monster (bad)
 62726 | Zot:2    | XOM: harmless Fire miscast
 62727 | Zot:2    | XOM: scenery: 2 doors close
 62738 | Zot:2    | XOM: blink monster(s)
 62761 | Zot:2    | XOM: summons 1 hostile demon
 62848 | Zot:2    | XOM: harmless Tloc miscast
 63084 | Zot:3    | XOM: 3-stop teleportation journey
 63092 | Zot:3    | XOM: confusion
 63173 | Zot:3    | XOM: give mutations
 63173 | Zot:3    | Lost mutation: You have a somewhat thin skeletal structure. (Dex +2, Stealth) [Xom's mischief]
 63173 | Zot:3    | Lost mutation: You are highly resistant to hostile enchantments. (MR++) [Xom's mischief]
 63173 | Zot:3    | Gained mutation: You are weak. (Str -2) [Xom's mischief]
 63173 | Zot:3    | Lost mutation: You are weak. (Str -2) [Xom's mischief]
 63218 | Zot:3    | XOM: fog
 63348 | Zot:3    | XOM: harmless Ice miscast
 63392 | Zot:3    | XOM: cast spell 'Olgreb's Toxic Radiance'
 63682 | Zot:3    | XOM: scenery: 1 doors open, 1 doors close
 63684 | Zot:3    | XOM: scenery: 4 doors close
 64031 | Zot:3    | XOM: summons 2 friendly demons
 64036 | Zot:3    | XOM: summons friendly chaos spawn
 64087 | Zot:3    | XOM: silly message
 64251 | Zot:3    | XOM: give mutations
 64251 | Zot:3    | Lost mutation: You have a pair of small antennae on your head. [Xom's mischief]
 64251 | Zot:3    | Lost mutation: Your system is resistant to poisons. (rPois) [Xom's mischief]
 64315 | Zot:3    | XOM: scenery: 1 doors open, 2 doors close
 64316 | Zot:3    | XOM: summons friendly iron imp
 64323 | Zot:3    | XOM: cleaving
 64325 | Zot:3    | XOM: fake destruction
 64446 | Zot:3    | XOM: stat loss: -1 Dex (16/17)
 64456 | Zot:3    | XOM: mild Divn miscast
 64457 | Zot:3    | XOM: potion effect (invisibility)
 64470 | Zot:3    | XOM: enchant monster (bad)
 64482 | Zot:3    | XOM: chaos upgrade
 64507 | Zot:3    | XOM: noise
 64517 | Zot:3    | XOM: smoke on damage
 64518 | Zot:3    | XOM: polymorph green draconian -> entropy weaver
 64602 | Zot:3    | Gained mutation: You occasionally shout uncontrollably at your foes. [evolution]
 64675 | Zot:3    | XOM: harmless Erth miscast
 64912 | Zot:3    | XOM: potion effect (invisibility)
 65113 | Depths:5 | XOM: harmless Summ miscast
 65396 | Vaults:2 | XOM: harmless Ice miscast
 65490 | Vaults:5 | Identified the -1 helmet of Yzety Amiyh {MR- Int+2 Stlth+} (You found it on level 5 of the Vaults)
 65726 | D:10     | XOM: harmless Pois miscast
 65994 | Depths:2 | XOM: silly message
 66159 | Zot:2    | XOM: potion effect (haste)
 66277 | Zot:4    | XOM: noise
 66481 | Zot:4    | XOM: potion effect (agility)
 66554 | Zot:4    | Noticed an orb of fire
 66559 | Zot:4    | Gained mutation: Your magical capacity is low. (-10% MP) [an orb of fire]
 66565 | Zot:4    | Killed an orb of fire
 66616 | Zot:4    | XOM: harmless Necr miscast
 66802 | Zot:4    | XOM: potion effect (might)
 66850 | Zot:5    | Entered Level 5 of the Realm of Zot
 66925 | Zot:5    | Noticed an orb of fire
 66946 | Zot:5    | Gained mutation: Armour fits poorly on your strangely shaped body. [an orb of fire]
 66947 | Zot:5    | XOM: enchant monster (good)
 66948 | Zot:5    | Gained mutation: Your mind is acute. (Int +2) [an orb of fire]
 66949 | Zot:5    | Killed an orb of fire
 66998 | Zot:5    | XOM: blink monster(s)
 67054 | Zot:4    | XOM: harmless Tmut miscast
 67107 | Zot:5    | XOM: summons friendly ufetubus
 67200 | Zot:5    | Noticed an orb of fire
 67203 | Zot:5    | Lost mutation: You have very sharp teeth. [an orb of fire]
 67224 | Zot:5    | XOM: cast spell 'Spider Form'
 67225 | Zot:5    | Gained mutation: Potions and wands are less effective at restoring your health. [an orb of fire]
 67230 | Zot:5    | XOM: noise
 67263 | Zot:5    | XOM: summons 2 friendly demons
 67269 | Zot:5    | XOM: polymorph mature stingshock beast -> azure jelly
 67271 | Zot:5    | Killed an orb of fire
 67282 | Zot:5    | Noticed an ancient lich
 67283 | Zot:5    | Noticed an ancient lich
 67297 | Zot:5    | Noticed an ancient lich
 67298 | Zot:5    | Noticed an ancient lich
 67303 | Zot:5    | XOM: divination: detect items
 67307 | Zot:5    | XOM: fake destruction
 67308 | Zot:5    | Noticed an orb of fire
 67308 | Zot:5    | Noticed an ancient lich
 67321 | Zot:5    | Noticed an orb of fire
 67331 | Zot:5    | Noticed an ancient lich
 67334 | Zot:5    | XOM: fog
 67337 | Zot:5    | XOM: cast spell 'Summon Mana Viper'
 67502 | Zot:5    | Noticed an ancient lich
 67508 | Zot:5    | XOM: mild Hex miscast
 67521 | Zot:5    | XOM: swap monsters
 67538 | Zot:5    | XOM: summons 8 hostile demons
 67542 | Zot:5    | HP: 1/263 [ancient lich/bolt of acid (21)]
 67542 | Zot:5    | Splashed by an ancient lich's acid

Skill      XL: |  1  2  3  4  5  6  7  8  9 10 11 12 13 14 15 16 17 18 19 20 21 22 23 24 25 26 27 |
---------------+----------------------------------------------------------------------------------+-----
Polearms       | 5 7 8 10 11 12 13 15 16 17 18 21 22 23 25 26 | 26.0
Dodging        | 3 4 6 8 9 11 12 14 15 16 18 20 | 20.1
Fighting       | 4 5 7 8 9 10 11 12 13 15 19 20 | 20.7
Stealth        | 2 3 5 6 7 9 10 14 | 14.0
Evocations     | 1 3 4 6 8 10 12 13 | 13.0
Unarmed Combat | 3 5 |  5.0
Charms         | 3 5 7 9 10 11 13 14 | 14.0
Armour         | 1 3 4 5 8 9 11 | 11.2
Spellcasting   | 3 4 5 6 8 9 12 13 15 16 17 18 | 18.0
Hexes          | 3 4 5 6 7 8 10 11 13 | 13.0
Summonings     | 4 6 7 8 9 10 13 | 13.7
Necromancy     | 2 3 4 6 7 8 9 |  9.0
Translocations | 2 3 4 5 |  5.0
Air Magic      | 1 2 4 5 |  5.0
Transmutations | 3 4 5 9 10 11 | 11.1
Throwing       | 2 |  2.0
Ice Magic      | 4 5 7 |  7.0
Earth Magic    | 3 |  3.0

Action                   |  1- 3 |  4- 6 |  7- 9 | 10-12 | 13-15 | 16-18 | 19-21 | 22-24 | 25-27 || total
-------------------------+-------+-------+-------+-------+-------+-------+-------+-------+-------++-------
Melee: Spear             |   163 |   120 |   134 |       |    14 |       |       |       |       ||   431
       Tailslap          |     2 |     1 |       |     3 |    27 |    85 |     9 |    27 |     7 ||   161
       Halberd           |       |       |   184 |   803 |  1398 |  1139 |   597 |       |       ||  4121
       Unarmed           |       |       |       |     5 |    14 |       |    17 |       |       ||    36
       Bite              |       |       |       |       |    23 |   135 |   301 |   272 |   267 ||   998
       Trident           |       |       |       |       |    17 |    68 |       |       |       ||    85
       Punch             |       |       |       |       |       |     2 |       |       |       ||     2
       Glaive            |       |       |       |       |       |       |  1241 |  1211 |       ||  2452
       Bardiche          |       |       |       |       |       |       |     6 |   582 |  1956 ||  2544
 Fire: Hand crossbow     |       |     8 |    17 |    12 |       |       |       |       |       ||    37
       Shortbow          |       |       |       |    12 |       |       |       |       |       ||    12
Throw: Tomahawk          |       |       |       |     5 |       |       |       |       |       ||     5
       Throwing net      |       |       |       |     3 |       |       |       |       |       ||     3
 Cast: Repel Missiles    |       |       |       |     1 |     2 |     3 |     5 |     5 |       ||    16
       Regeneration      |       |       |       |     2 |    32 |    16 |    29 |    13 |    12 ||   104
       Song of Slaying   |       |       |       |     2 |    14 |     8 |     3 |    11 |    20 ||    58
       Spectral Weapon   |       |       |       |     1 |     4 |    24 |    21 |     6 |     1 ||    57
       Shroud of Golubri |       |       |       |       |    16 |     9 |    10 |     3 |     9 ||    47
       Call Imp          |       |       |       |       |    10 |     3 |       |       |       ||    13
       Blink             |       |       |       |       |     1 |       |     6 |     7 |    33 ||    47
       Swiftness         |       |       |       |       |     1 |       |       |       |       ||     1
       Sticks to Snakes  |       |       |       |       |       |    14 |     2 |       |       ||    16
       Yara's Violent Un |       |       |       |       |       |       |    31 |    13 |    32 ||    76
       Passwall          |       |       |       |       |       |       |     2 |       |       ||     2
       Animate Dead      |       |       |       |       |       |       |    31 |    74 |    88 ||   193
       Tukima's Dance    |       |       |       |       |       |       |     6 |       |       ||     6
       Summon Mana Viper |       |       |       |       |       |       |     6 |    10 |     4 ||    20
       Recall            |       |       |       |       |       |       |     1 |     7 |     1 ||     9
       Dispel Undead     |       |       |       |       |       |       |       |    22 |     2 ||    24
       Summon Forest     |       |       |       |       |       |       |       |     5 |     3 ||     8
       Metabolic Englaci |       |       |       |       |       |       |       |       |    54 ||    54
       Deflect Missiles  |       |       |       |       |       |       |       |       |    11 ||    11
       Shadow Creatures  |       |       |       |       |       |       |       |       |     9 ||     9
 Abil: Breathe Fire      |       |       |       |     1 |       |       |       |       |       ||     1
       Stop Singing      |       |       |       |       |     4 |     2 |       |       |       ||     6
       Evoke Flight      |       |       |       |       |     2 |       |       |       |       ||     2
Evoke: Wand              |       |       |     1 |    13 |    25 |    20 |    11 |    11 |    49 ||   130
       Fan of gales      |       |       |       |     1 |       |       |       |       |       ||     1
       Lamp of fire      |       |       |       |       |     1 |     1 |     1 |     3 |     3 ||     9
       Rod               |       |       |       |       |     4 |     1 |       |     1 |       ||     6
       Phantom mirror    |       |       |       |       |       |       |     1 |       |     1 ||     2
       Phial of floods   |       |       |       |       |       |       |     1 |       |     2 ||     3
       Box of beasts     |       |       |       |       |       |       |       |       |     2 ||     2
  Use: Scroll            |     7 |     1 |     4 |    13 |    19 |     7 |    25 |    12 |    39 ||   127
       Potion            |     1 |       |     1 |     6 |     7 |     2 |     4 |     3 |    18 ||    42
 Stab: Confused          |     1 |       |     1 |       |    21 |     2 |     5 |       |       ||    30
       Petrified         |       |     3 |       |     2 |     3 |       |       |       |     1 ||     9
       Sleeping          |       |       |    17 |    17 |     3 |     5 |    27 |    21 |    24 ||   114
       Paralysed         |       |       |     2 |       |       |       |     3 |     1 |       ||     6
       Distracted        |       |       |     2 |     4 |    10 |    10 |    25 |    40 |    49 ||   140
       Petrifying        |       |       |       |     2 |     1 |       |       |     4 |     1 ||     8
       Invisible         |       |       |       |       |    10 |       |     4 |     8 |     3 ||    25
  Eat: Chunk             |     2 |     4 |     9 |    23 |    47 |    31 |    49 |    53 |    19 ||   237
       Meat ration       |       |       |     2 |       |     1 |       |       |       |     2 ||     5
       Beef jerky        |       |       |       |     1 |       |       |       |       |     4 ||     5
       Pizza             |       |       |       |     1 |       |       |       |     1 |     5 ||     7
       Fruit             |       |       |       |       |     3 |       |       |       |       ||     3
       Royal jelly       |       |       |       |       |     1 |       |       |       |     8 ||     9
Armor: Leather armour    |    20 |    13 |       |       |       |       |       |       |       ||    33
       Robe              |       |       |    20 |    17 |       |       |       |       |       ||    37
       Skin              |       |       |    17 |    44 |     4 |       |       |       |       ||    65
       Ring mail         |       |       |       |   127 |   292 |       |       |       |       ||   419
       Scale mail        |       |       |       |       |    20 |   185 |   302 |   140 |       ||   647
       Fire dragon scale |       |       |       |       |       |       |       |   185 |   744 ||   929
Dodge: Dodged            |    43 |    32 |   204 |   381 |   788 |   765 |  1095 |  1297 |  1987 ||  6592
       Deflected         |       |       |       |     1 |    16 |    33 |    49 |    44 |    94 ||   237
Block: Buckler           |       |     6 |    16 |       |       |       |       |       |       ||    22
       Other             |       |       |       |       |       |    84 |   171 |   181 |   265 ||   701
